 Dungeon Crawl Stone Soup version 0.17-a0-1951-g62301d3 (webtiles) character file.

35 glosham the Skirmisher (level 3, -1/31 HPs)
             Began as a Demigod Skald on Oct 2, 2015.
             Slain by a worm (9 damage)
             ... on level 1 of the Dungeon.
             The game lasted 00:07:32 (312 turns).

glosham the Skirmisher (Demigod Skald)               Turns: 312, Time: 00:07:32

Health: -1/31      AC:  5    Str: 17    XL:     3   Next: 2%
Magic:  8/8        EV: 11    Int: 16    God:
Gold:   15         SH:  0    Dex: 15    Spells: 1 memorised, 4 levels left

rFire  . . .     SeeInvis .     a - +2 spear (vamp)
rCold  . . .     Clarity  .     i - +0 leather armour
rNeg   . . .     SustAt   +     (no shield)
rPois  .         Gourm    .     (no helmet)
rElec  .         Spirit   .     (no cloak)
rCorr  .         Warding  .     (no gloves)
rMut   .         Stasis   .     (no boots)
MR     .....                    (no amulet)
Stlth  +.........               (no ring)
                                A - +2 ring of protection

@: lethally poisoned (-1 -> -4), not resistant to hostile enchantments, very
unstealthy
A: high mp 1, sustain attributes
a: no special abilities


You were on level 1 of the Dungeon.
You were not hungry.

You visited 1 branch of the dungeon, and saw 2 of its levels.

You collected 15 gold pieces.

Inventory:

Hand weapons
 a - a +2 vampiric spear (weapon)
 b - a +0 hand axe
Missiles
 h - 43 stones (quivered)
Armour
 i - a +0 leather armour (worn)
Jewellery
 A - a +2 ring of protection (left hand)
Scrolls
 e - a scroll of remove curse
Books
 c - a book of Battle

   Spells                             Type                      Level
   a - Infusion                       Charms                       1
   b - Shroud of Golubria             Charms/Translocation         2
   c - Song of Slaying                Charms                       2
   d - Spectral Weapon                Hexes/Charms                 3
   e - Regeneration                   Charms/Necromancy            3
Comestibles
 d - 2 bread rations


   Skills:
 * Level 3.3 Fighting
 - Level 1.7 Axes
 - Level 0.8 Armour
 - Level 0.8 Dodging
 - Level 1.7 Spellcasting
 - Level 2.6 Charms


You had 4 spell levels left.
You knew the following spells:

 Your Spells              Type           Power        Failure   Level  Hunger
a - Infusion              Chrm           ##....       10%         1    ##.....


Dungeon Overview and Level Annotations

Branches:
Dungeon (2/15)


Innate Abilities, Weirdness & Mutations

You have an increased reservoir of magic (+10% MP).
Your attributes are resistant to harm.


Message History

You climb upwards.
There is a stone staircase leading down here.
You closely miss the adder. The adder barely misses you. The adder bites you.
You are poisoned.
The adder poisons you!
Unknown command.
You hit the adder.
You feel better.
The adder is lightly wounded.
You feel sick. The adder barely misses you. The worm bites you!
Unknown command.
You hit the adder.
The adder is heavily wounded.
The adder closely misses you. The worm barely misses you. The adder misses you.
You hit the adder.
The adder is severely wounded.
The adder bites you but does no damage.
Unknown command.
You barely miss the adder.
The adder is severely wounded.
You feel sick. The adder bites you but does no damage.
The worm bites you but does no damage.
Unknown command.
You puncture the adder!
You kill the adder!
You have reached level 3!
Your experience leads to an increase in your attributes!
Increase (S)trength, (I)ntelligence, or (D)exterity?
You feel stronger. x2
The worm bites you!
* * * LOW HITPOINT WARNING * * *
You aren't carrying any potions.
You puncture the worm!
You feel better.
The worm is moderately wounded.
You hit the worm.
You feel better.
The worm is heavily wounded.
You feel sick. The worm barely misses you.
You hit the worm.
The worm is heavily wounded.
The worm bites you!
You die...

#....####.##.###
###### #.##.#
####8<8#####..#.#
#.........###.#.#
#.........# #...#
##.........####..#
.............##..#
########.#.####.)#
########...# ##@#
#........### #w#
#.####.### #.# #.#
#.# #.# #)# #†#
#.# #.# #.# #.#
#.# #.# #.#


You could see a worm.

Vanquished Creatures
  2 adders
  An ooze (D:1)
  2 giant geckos (D:1)
  2 bats (D:1)
  A giant cockroach (D:1)
  3 hobgoblins (D:1)
  2 goblins (D:1)
  A kobold (D:1)
14 creatures vanquished.

Notes
Turn   | Place    | Note
--------------------------------------------------------------
     0 | D:1      | glosham the Demigod Skald began the quest for the Orb.
     0 | D:1      | Reached XP level 1. HP: 17/17 MP: 5/5
    23 | D:1      | Reached skill level 2 in Fighting
   103 | D:1      | Reached XP level 2. HP: 18/25 MP: 7/7
   245 | D:2      | Reached skill level 3 in Fighting
   309 | D:1      | Reached XP level 3. HP: 8/31 MP: 8/8
   309 | D:1      | HP: 1/31 [worm (7)]
   312 | D:1      | Slain by a worm

Vault maps used:
D:1:      mrwooster_arrival_statue
D:2:      ecumenical_altar_1

Action                   || total
-------------------------++-------
Melee: Hand axe          ||    26
       Spear             ||    14
  Use: Scroll            ||     3
 Stab: Distracted        ||     1
  Eat: Pizza             ||     1
       Beef jerky        ||     1

Table legend:
 A = Turns spent in this place as a percentage of turns spent in the entire game.
 B = Non-inter-level travel turns spent in this place as a percentage of non-inter-level travel turns spent in the entire game.
 C = Inter-level travel turns spent in this place as a percentage of turns spent in this place.
 D = Turns resting spent in this place as a percentage of non-inter-level travel turns spent in this place.
 E = Turns spent auto-exploring this place as a percentage of non-inter-level travel turns spent in this place.
 F = Non-inter-level travel turns spent in this place divided by the number of levels of this place that you've seen.
                   A       B       C       D       E      F
               +-------+-------+-------+-------+-------+----------------------
         Total | 100.0 | 100.0 |   0.4 |   0.8 |   0.0 | 130.0
       Dungeon | 100.0 | 100.0 |   0.4 |   0.8 |   0.0 | 130.0
               +-------+-------+-------+-------+-------+----------------------

Table legend:
 A = Kills in this place as a percentage of kills in entire the game.
 B = Kills by you in this place as a percentage of kills by you in the entire game.
 C = Kills by friends in this place as a percentage of kills by friends in the entire game.
 D = Other kills in this place as a percentage of other kills in the entire game.
 E = Experience gained in this place as a percentage of experience gained in the entire game.
 F = Experience gained in this place divided by the number of levels of this place that you have seen.
                   A       B       C       D       E      F
               +-------+-------+-------+-------+-------+----------------------
         Total | 100.0 | 100.0 |  -nan |  -nan | 100.0 |  25.0
       Dungeon | 100.0 | 100.0 |  -nan |  -nan | 100.0 |  25.0
               +-------+-------+-------+-------+-------+----------------------

Vault maps used:
D:1:      mrwooster_arrival_statue
D:2:      ecumenical_altar_1
